 Dungeon Crawl Stone Soup version 0.18.1-50-g88ac8fd (webtiles) character file.

322 Chiseanne the Gusty (level 6, -1/45 HPs)
             Began as a Centaur Air Elementalist on Oct 11, 2016.
             Slain by Chiseanne's ghost (6 damage)
             ... on level 3 of the Dungeon.
             The game lasted 00:11:38 (4819 turns).

Chiseanne the Gusty (Centaur Air Elementalist)      Turns: 4819, Time: 00:11:39

Health: -1/45      AC:  7    Str: 16    XL:     6   Next: 22%
Magic:  1/10       EV: 15    Int: 16    God:
Gold:   179        SH:  0    Dex: 14    Spells: 2 memorised, 7 levels left

rFire  . . .     SeeInvis .     i - +3 dagger (flame)
rCold  . . .     Gourm    .     a - +0 robe
rNeg   + . .     Faith    .     (no shield)
rPois  .         Spirit   .     (no helmet)
rElec  .         Dismiss  .     q - +2 cloak
rCorr  .         Reflect  .     (no gloves)
SustAt .         Harm     .     (no barding)
MR     .....                    (no amulet)
Stlth  ++........               (no ring)
                                f - ring of positive energy

@: mighty, agile, very quick, not resistant to hostile enchantments, unstealthy
A: hooves 3, deformed body, speed 2, tough skin 3
a: no special abilities


You were on level 3 of the Dungeon.
You were not hungry.

You visited 1 branch of the dungeon, and saw 4 of its levels.

You collected 179 gold pieces.

Inventory:

Hand Weapons
 i - a +3 dagger of flaming (weapon)
 t - a +0 blowgun
Missiles
 e - 68 stones (quivered)
 k - 28 arrows
 n - 48 sling bullets
 r - 9 poisoned needles
Armour
 a - a +0 robe (worn)
 q - a +2 cloak (worn)
Jewellery
 f - a ring of positive energy (left hand)
Scrolls
 j - a scroll of recharging
 p - a scroll of identify
Potions
 g - a potion of might
 h - a potion of resistance
 o - a potion of agility
 s - 3 potions of curing
 v - a potion of ambrosia
Books
 b - a book of Air

   Spells                             Type                      Level
   a - Shock                          Conjuration/Air              1
   b - Swiftness                      Charms/Air                   2
   c - Repel Missiles                 Charms/Air                   2
   d - Static Discharge               Conjuration/Air              3
   e - Lightning Bolt                 Conjuration/Air              5
Comestibles
 c - 7 bread rations
 d - 3 meat rations
 l - a beef jerky


   Skills:
 - Level 1.3 Dodging
 - Level 1.2 Stealth
 * Level 3.2 Spellcasting
 * Level 3.1 Conjurations
 * Level 4.3 Air Magic


You had 7 spell levels left.
You knew the following spells:

 Your Spells              Type           Power        Failure   Level  Hunger
a - Shock                 Conj/Air       ##..         4%          1    None
b - Static Discharge      Conj/Air       ##......     12%         3    ###....


Dungeon Overview and Level Annotations

Branches:
Dungeon (4/15)
 Temple: D:4-7

Altars:

Annotations:
D:3 Chiseanne's ghost, amateur CeAE


Innate Abilities, Weirdness & Mutations

You have hooves in place of feet.
Armour fits poorly on your strangely shaped body.
You cover ground very quickly.
You have extremely tough skin (AC +3).


Message History

Chiseanne's ghost is heavily damaged.
Chiseanne's ghost hits you but does no damage.
You are electrocuted!
You barely miss Chiseanne's ghost.
Chiseanne's ghost is heavily damaged.
Chiseanne's ghost hits you but does no damage.
Drink which item? (? for menu, Esc to quit)
You feel very mighty all of a sudden.
Chiseanne's ghost hits you but does no damage.
You are electrocuted!
You puncture Chiseanne's ghost! You burn Chiseanne's ghost.
Chiseanne's ghost is almost destroyed.
Chiseanne's ghost hits you but does no damage.
You are electrocuted!
* * * LOW HITPOINT WARNING * * *
Drink which item? (? for menu, Esc to quit)
You feel agile all of a sudden.
You feel less woody.
Your +2 cloak unmelds from your body.
Your +0 robe unmelds from your body.
Chiseanne's ghost hits you.
You die...

#.# #..............
##.###...##.#.#..###
#...###.###.....#.##
#...###.# ###..###..
####...##<.# #.#.#...
#.........## #.##....
#..........# #.##.#..
#......)...#####.##....
###..)@..........##.#..
##...W.##...........#..
##...<..#...########....
#.........#...# #.#)#.
##...####...#.#####..###
##..# ##.#.....).W#.#.
#..# #.#..######...#
#..# #..............
#..# ###...........#


You could see Chiseanne's ghost.

Vanquished Creatures
  An ogre (D:3)
  A scorpion (D:4)
  An orc priest (D:3)
  2 orc wizards
  3 adders
  3 worms
  2 dart slugs
  3 giant geckos
  4 orcs
  A ball python (D:2)
  6 bats
  4 giant cockroaches
  4 hobgoblins
  3 jackals (D:2)
  9 kobolds
  A quokka (D:3)
  9 giant newts
  7 goblins
  7 rats
71 creatures vanquished.

Notes
Turn   | Place    | Note
--------------------------------------------------------------
     0 | D:1      | Chiseanne the Centaur Air Elementalist began the quest for the Orb.
     0 | D:1      | Reached XP level 1. HP: 14/14 MP: 3/3
   164 | D:1      | Reached skill level 1 in Conjurations
   164 | D:1      | Reached skill level 3 in Air Magic
   164 | D:1      | Reached XP level 2. HP: 15/20 MP: 0/4
  1447 | D:2      | Reached XP level 3. HP: 6/26 MP: 0/5
  1698 | D:2      | Learned a level 3 spell: Static Discharge
  3014 | D:3      | Noticed Chiseanne's ghost (amateur CeAE)
  3068 | D:3      | Reached XP level 4. HP: 19/33 MP: 1/7
  4152 | D:4      | Reached XP level 5. HP: 32/38 MP: 0/8
  4287 | D:4      | Noticed an ogre
  4343 | D:3      | Killed an ogre
  4343 | D:3      | Reached skill level 4 in Air Magic
  4472 | D:4      | Reached XP level 6. HP: 22/45 MP: 0/10
  4819 | D:3      | Slain by Chiseanne's ghost

Skill      XL: |  1  2  3  4  5  6 |
---------------+-------------------+-----
Conjurations   | 1 2 3 |  3.1
Air Magic      | 3 4 |  4.3
Spellcasting   | 2 3 |  3.2
Dodging        | |  1.3
Stealth        | |  1.2

Action                   |  1- 3 |  4- 6 || total
-------------------------+-------+-------++-------
Melee: Club              |    33 |       ||    33
       Kick              |     9 |     2 ||    11
       Dagger            |    32 |    39 ||    71
 Cast: Shock             |   101 |    72 ||   173
  Use: Scroll            |     7 |     7 ||    14
       Potion            |       |     5 ||     5
  Eat: Chunk             |     8 |     5 ||    13
Armor: Robe              |    31 |     7 ||    38
       Skin              |       |    15 ||    15
Dodge: Dodged            |    44 |    17 ||    61
